 Dungeon Sprint DCSS version bcrawl-1.31 (webtiles) character file.

Game seed: 12030058618043657939

293285 Groucho the Unseen (level 7, -18/41 HPs)
             Began as a Felid Martial Artist on Apr 9, 2021.
             Was the Champion of Wu Jian.
             Demolished by a deep troll (19 damage)
             ... in the Dungeon (Sprint I: "Red Sonja").
             The game lasted 00:07:25 (1587 turns).

Groucho the Unseen (Felid Martial Artist)           Turns: 1587, Time: 00:07:26

Health: -18/41     AC:  2    Str:  8    XL:     7   Next: 62%
Magic:  20/20      EV: 27    Int: 10    God:    Wu Jian [******]
Gold:   443        SH:  0    Dex: 22    Spells: 22/23 levels left
                                        Lives:  0   Deaths: 2

rFire    + . .     SeeInvis +     - Teeth and claws (13.5)
rCold    . . .     Gourm    .   (shield unavailable)
rNeg     . . .     Faith    .   (armour unavailable)
rPois    +         Spirit   .   (helmet unavailable)
rElec    .         Reflect  .   (cloak restricted)
rCorr    .         Harm     .   (gloves unavailable)
MR       +....     NoTele   +   (boots unavailable)
Stlth    ++++++++..             (no amulet)
HPRegen  0.13/turn              j - ring of protection from fire
MPRegen  0.17/turn              l - ring of poison resistance

@: serpent's lash, quick
A: very small, no armour, no weapons or thrown items, stealth, claws 1, fangs 3,
see invisible, carnivore, speed 1, shaggy fur 2, slow metabolism 1, sharp paws
a: Wall Jump, Serpent's Lash, Heavenly Storm, Renounce Religion


You were in the Dungeon.
You worshipped Wu Jian.
Wu Jian was exalted by your worship.
You were not hungry.

You visited 1 branch You collected 1073 gold pieces.
You spent 630 gold pieces at shops.

Inventory:

Jewellery
 j - a ring of protection from fire (left paw)
 l - a ring of poison resistance (right paw)
Wands
 c - a wand of digging (8)
 k - a wand of polymorph (13)
 n - a wand of flame (13)
Scrolls
 h - a scroll of amnesia {unknown}
 i - a scroll of identify
Potions
 a - a potion of agility
 b - a potion of haste
 f - 2 potions of magic
 g - 2 potions of berserk rage
Comestibles
 d - a chunk of flesh
 e - 4 rations {!d}


   Skills:
 + Level 6.7 Fighting
 + Level 8.9 Dodging
 * Level 20.0 Stealth
 + Level 8.7 Unarmed Combat
 - Level 8.7 Spellcasting
 - Level 11.1 Hexes


You had 22 spell levels left.
You knew the following spells:

 Your Spells              Type           Power        Failure   Level  Hunger
a - Confusing Touch       Hex            ####....     1%          1    None
Your spell library was empty.

Dungeon Overview and Level Annotations

Branches:
Dungeon (1/1)

Altars:
Cheibriados
Dithmenos
Elyvilon
Fedhas
Gozag
Hepliaklqana
Kikubaaqudgha
Lugonu
Makhleb
Nemelex Xobeh
Okawaru
Qazlal
Ru
Sif Muna
Trog
Uskayaw
Vehumet
Wu Jian
Xom
Yredelemnul
Zin
The Shining One
Jiyva

Shops:
D [(?}(*}[(==?(*[%


Innate Abilities, Weirdness & Mutations

You cannot wear almost all types of armour.
You are incapable of wielding weapons or throwing items.
Your paws allow you to move quietly. (Stealth)
You have sharp claws.
You have razor-sharp teeth.
You have supernaturally acute eyesight. (SInv)
You are carnivorous and can eat meat at any time.
You cover ground quickly.
You are covered in thick fur. (AC +2)
You have a slow metabolism.
Your sharp claws are effective at attacking unaware monsters.


Message History

No path to travel!
No path to travel!
No path to travel!
You scratch the deep troll. Your claw misses the deep troll.
The deep troll is lightly wounded.
The deep troll completely misses you. x3
No path to travel!
No path to travel!
No path to travel!
You scratch the deep troll but do no damage.
The deep troll is lightly wounded.
You spin and attack the deep troll, with incredible momentum.
You claw the deep troll!
The deep troll is moderately wounded.
No path to travel!
No path to travel!
You scratch the deep troll but do no damage.
The deep troll is moderately wounded.
The deep troll bites you!!
You die...

######################
#<.#.)†@.#.)'..#__#..+
#..'..#T○'..#§§'..'..#
#..#####+#####§#__####
#..### #...#.####§[###
#..#__####..##.#≈≈§§§#§§
#..#_____##'#_.'≈≈§§§'.§
#⌠⌠#_.∩...'..._#≈≈≈§§#§§
####_..__##_.#'##'#####'
#_____###+#(#...÷###.


You could see a deep troll (pinned).

Vanquished Creatures
  2 centaur warriors (D)
  2 unseen horrors (D)
  An oklob plant (D)
  A hornet (D)
  A slime creature (D)
  Sigmund (D)
  2 redbacks (D)
  A yak (D)
  A floating eye (D)
  7 necrophages (D)
  An ogre (D)
  8 jellies (D)
  Ijyb (D)
29 creatures vanquished.

Vanquished Creatures (others)
  A gargoyle (D)
1 creature vanquished.

Grand Total: 30 creatures vanquished

Notes
Turn   | Place    | Note
-------+----------+-------------------------------------------
     0 | D        | Groucho the Felid Martial Artist began the quest for the
                  | Orb.
     0 | D        | Reached XP level 1. HP: 12/12 MP: 3/3
     2 | D        | Noticed Ijyb
     3 | D        | Reached skill level 6 in Stealth
     3 | D        | Reached XP level 2. HP: 16/16 MP: 4/4
     4 | D        | Killed Ijyb
    10 | D        | Noticed an ogre
    11 | D        | Reached skill level 10 in Stealth
    11 | D        | Reached XP level 3. HP: 20/20 MP: 5/5
    12 | D        | Killed an ogre
    15 | D        | Noticed Sigmund
    16 | D        | Reached skill level 12 in Stealth
    16 | D        | Reached XP level 4. HP: 24/24 MP: 5/10
    16 | D        | Reached XP level 5. HP: 28/28 MP: 5/11
    17 | D        | Killed Sigmund
    17 | D        | Reached ** piety under Wu Jian
   210 | D        | Found a shimmering blue altar of Sif Muna.
   211 | D        | Found an ornate altar of the Wu Jian Council.
   212 | D        | Reached skill level 5 in Hexes
   212 | D        | Found a radiant altar of Vehumet.
   218 | D        | Found Keod's Armour Emporium.
   218 | D        | Found an ancient bone altar of Kikubaaqudgha.
   218 | D        | Found a hazy altar of Hepliaklqana.
   218 | D        | Found a stormy altar of Qazlal.
   218 | D        | Found a hide-covered altar of Uskayaw.
   218 | D        | Found a blossoming altar of Fedhas.
   218 | D        | Found a bloodstained altar of Trog.
   218 | D        | Found an iron altar of Okawaru.
   218 | D        | Found a basalt altar of Yredelemnul.
   218 | D        | Found a glowing golden altar of the Shining One.
   218 | D        | Found a snail-covered altar of Cheibriados.
   218 | D        | Found a sacrificial altar of Ru.
   218 | D        | Found a glowing silver altar of Zin.
   218 | D        | Found a shadowy altar of Dithmenos.
   218 | D        | Found a white marble altar of Elyvilon.
   218 | D        | Noticed a yak
   219 | D        | Reached skill level 13 in Stealth
   219 | D        | Reached skill level 5 in Spellcasting
   219 | D        | Gained mutation: You are covered in thick fur. (AC +2)
                  | [Felid growth]
   219 | D        | Reached XP level 6. HP: 32/32 MP: 11/14
   219 | D        | Found an opulent altar of Gozag.
   219 | D        | Killed a yak
   220 | D        | Found a sparkling altar of Nemelex Xobeh.
   253 | D        | Found a viscous altar of Jiyva.
   253 | D        | Found a corrupted altar of Lugonu.
   253 | D        | Noticed a slime creature
   254 | D        | Reached skill level 14 in Stealth
   254 | D        | Found a burning altar of Makhleb.
   254 | D        | Found a shimmering altar of Xom.
   255 | D        | Killed a slime creature
   277 | D        | Noticed a centaur warrior
   277 | D        | Noticed a centaur warrior
   278 | D        | Reached skill level 17 in Stealth
   278 | D        | Reached XP level 7. HP: 36/36 MP: 17/20
   278 | D        | Reached XP level 8. HP: 40/40 MP: 17/21
   278 | D        | Killed a centaur warrior
   278 | D        | Reached *** piety under Wu Jian
   279 | D        | Killed a centaur warrior
   299 | D        | Noticed a hornet
   300 | D        | Reached skill level 5 in Unarmed Combat
   301 | D        | Killed a hornet
   312 | D        | Noticed an oklob plant
   313 | D        | Reached skill level 5 in Dodging
   313 | D        | Reached skill level 18 in Stealth
   314 | D        | Killed an oklob plant
   320 | D        | Noticed a redback
   320 | D        | Noticed a redback
   321 | D        | Killed a redback
   321 | D        | Reached **** piety under Wu Jian
   336 | D        | Killed a redback
   595 | D        | Paralysed by a floating eye for 2 turns
   717 | D        | Noticed an unseen horror
   717 | D        | Reached skill level 5 in Fighting
   717 | D        | Reached XP level 9. HP: 47/47 MP: 22/22
   717 | D        | Noticed an unseen horror
   718 | D        | Reached skill level 19 in Stealth
   738 | D        | Killed an unseen horror
   749 | D        | Killed an unseen horror
   914 | D        | Reached ***** piety under Wu Jian
  1143 | D        | Killed a gargoyle
  1337 | D        | Reached ****** piety under Wu Jian
  1374 | D        | Found Waitwe's Magic Scroll Shoppe.
  1374 | D        | Found Comunut's Weapon Shop.
  1374 | D        | Found Waeshral's Gadget Boutique.
  1376 | D        | Found Mashre's Antique Weapon Emporium.
  1376 | D        | Found Ito Qaap's Assorted Antiques.
  1376 | D        | Found Rolaz's Gadget Shoppe.
  1376 | D        | Found Dididd's Armour Boutique.
  1376 | D        | Found Wenea's Antique Weapon Emporium.
  1376 | D        | Found Ropruq's Jewellery Shop.
  1376 | D        | Found Zefosenab's Jewellery Shoppe.
  1380 | D        | Bought a wand of digging (8) for 180 gold pieces
  1380 | D        | Found Ulahis's Magic Scroll Boutique.
  1381 | D        | Found Pavair's Assorted Antiques.
  1381 | D        | Found Oxkogikk's Antique Weapon Boutique.
  1382 | D        | Found Iczok's Food Emporium.
  1387 | D        | Bought an uncursed ring of protection from fire for 250
                  | gold pieces
  1387 | D        | Bought an uncursed ring of poison resistance for 200 gold
                  | pieces
  1440 | D        | Noticed a deep troll
  1441 | D        | Reached skill level 20 in Stealth
  1454 | D        | Mangled by a deep troll
  1455 | D        | Reached XP level 8. HP: -9/45 MP: 21/21
  1500 | D        | Found Wuyf's Armour Emporium.
  1542 | D        | Mangled by a deep troll
  1543 | D        | Reached XP level 7. HP: -12/41 MP: 20/20
  1584 | D        | HP: 1/41 [deep troll (23)]
  1587 | D        | Demolished by a deep troll

Skill      XL: |  1  2  3  4  5  6  7  8  9 |
---------------+----------------------------+-----
Stealth        | 6 10 12 13 17 18 20 | 20.0
Spellcasting   | 3 5 8 |  8.7
Hexes          | 4 6 11 | 11.1
Unarmed Combat | 7 8 |  8.7
Fighting       | 5 6 |  6.7
Dodging        | 7 8 |  8.9

Action                   |  1- 3 |  4- 6 |  7- 9 || total
-------------------------+-------+-------+-------++-------
Melee: Unarmed           |     2 |     4 |   126 ||   132
       Bite              |       |       |    19 ||    19
       Punch             |       |       |     7 ||     7
 Cast: Confusing Touch   |       |       |    10 ||    10
Invok: Lunge             |       |     3 |    10 ||    13
       Whirlwind         |       |       |     4 ||     4
       Heavenly Storm    |       |       |     1 ||     1
 Abil: Serpent's Lash    |       |       |     1 ||     1
  Use: Scroll            |       |     1 |       ||     1
       Potion            |       |       |     5 ||     5
 Stab: Sleeping          |     2 |     4 |    13 ||    19
       Confused          |       |       |     2 ||     2
  Eat: Chunk             |       |       |     2 ||     2
Armor: Skin              |       |       |     3 ||     3
Dodge: Dodged            |       |       |   118 ||   118
